 Dungeon Crawl Stone Soup version 0.21.1-1-g345015f (webtiles) character file.

23126 Monsterracer the Cleaver (level 12, -1/114 HPs)
             Began as a Deep Dwarf Fighter on July 5, 2018.
             Was a High Priest of Makhleb.
             Slain by a spark wasp (15 damage)
             ... on level 1 of the Spider Nest.
             The game lasted 00:07:17 (5097 turns).

Monsterracer the Cleaver (Deep Dwarf Fighter)       Turns: 5097, Time: 00:07:18

Health: -1/114     AC: 12    Str: 28    XL:     12   Next: 69%
Magic:  15/15      EV:  6    Int: 13    God:    Makhleb [*****.]
Gold:   423        SH: 12    Dex: 18    Spells: 11/11 levels left

rFire    . . .     SeeInvis .   a - +10 broad axe of Charity {venom, rN+ Str-3 Int+2}
rCold    . . .     Gourm    .   f - +0 shield
rNeg     + + +     Faith    .   t - +0 plate armour
rPois    +         Spirit   .   m - +2 helmet {Int+3}
rElec    .         Reflect  .   (no cloak)
rCorr    +         Harm     .   y - +2 pair of gloves of Weirdness {rN++ Str+4 Dex+3}
MR       +....                  e - +1 pair of boots
Stlth    ..........             (no amulet)
HPRegen  0.00/turn              h - ring of stealth
MPRegen  0.14/turn              w - ring of Xohas {rCorr rPois Str+4}

@: corroded, non-regenerating
A: damage resistance, heal wounds, sense surroundings 2, no regeneration
a: Heal Wounds, Minor Destruction, Lesser Servant of Makhleb, Major Destruction,
Greater Servant of Makhleb, Renounce Religion


You were on level 1 of the Spider Nest.
You worshipped Makhleb.
Makhleb was extremely pleased with you.
You were not hungry.

You visited 4 branches of the dungeon, and saw 13 of its levels.
You also visited: Sewer.

You collected 423 gold pieces.

Inventory:

Hand Weapons
 a - the +10 broad axe of Charity (weapon) {venom, rN+ Str-3 Int+2}
   (You acquired it on level 8 of the Dungeon)

   It poisons the flesh of those it strikes.
   It affects your strength (-3).
   It affects your intelligence (+2).
   It protects you from negative energy.
 b - a +0 hand axe of flaming
 q - a +0 war axe
Armour
 e - a +1 pair of boots (worn)
 f - a +0 shield (worn)
 m - a +2 helmet of intelligence (worn)
 n - a +2 ring mail of cold resistance
 t - a +0 plate armour (worn)
 y - the +2 pair of gloves of Weirdness (worn) {rN++ Str+4 Dex+3}
   (You found it on level 9 of the Dungeon)

   It affects your strength (+4).
   It affects your dexterity (+3).
   It greatly protects you from negative energy.
Jewellery
 h - a ring of stealth (left hand)
 w - the ring of Xohas (right hand) {rCorr rPois Str+4}
   (You found it on level 9 of the Dungeon)

   [ring of resist corrosion]

   It affects your strength (+4).
   It protects you from poison.
Wands
 j - a wand of acid (6)
Scrolls
 r - a scroll of holy word
 u - 3 scrolls of teleportation
 v - a scroll of blinking
 A - a scroll of fog {unknown}
Potions
 d - 2 potions of might
 g - 10 potions of curing
 i - a potion of resistance
 k - 2 potions of magic
 l - a potion of berserk rage
 o - 4 potions of flight
 p - 2 potions of brilliance
 s - a potion of heal wounds
 x - 3 potions of lignification {unknown}
Comestibles
 c - 9 rations


   Skills:
 + Level 9.3 Fighting
 * Level 14.3 Axes
 + Level 10.9 Armour
 - Level 6.2 Shields
 + Level 11.4 Invocations


You had 11 spell levels left.
You didn't know any spells.

Dungeon Overview and Level Annotations

Branches:
Dungeon (9/15)             Temple (1/1) D:4            Lair (2/6) D:9
 Spider (1/4) Lair:2
  Swamp: Lair:2-4    Shoals: Lair:2-4       Orc: D:9-12

Altars:
Ashenzari
Cheibriados
Dithmenos
Elyvilon
Fedhas
Gozag
Hepliaklqana
Kikubaaqudgha
Makhleb
Nemelex Xobeh
Okawaru
Qazlal
Ru
Trog
Uskayaw
Vehumet
Wu Jian
Xom
Yredelemnul
Zin
The Shining One

Portals:
Volcano: Lair:2


Innate Abilities, Weirdness & Mutations

You are resistant to damage.
You can heal yourself by infusing magical energy.
You passively map the area around you.
You do not regenerate.


Message History

You closely miss the tarantella.
The tarantella is heavily wounded.
The spark wasp buzzes angrily.
You slash the jumping spider!
The jumping spider is poisoned.
You slash the entropy weaver!
The entropy weaver is poisoned.
The tarantella bites you.
The jumping spider pounces on you but does no damage.
The jumping spider bites you but does no damage.
The entropy weaver hits you! The entropy weaver barely misses you.
The entropy weaver hits you. You block the entropy weaver's attack.
The tarantella bites you but does no damage.
You take 7 damage, and have 72/114 hp.
You slash the tarantella!
The tarantella is poisoned.
The tarantella is almost dead.
You slash the wolf spider! You slash the jumping spider!
The jumping spider looks as sick as possible!
You slash the entropy weaver!
You kill the tarantella!
Makhleb accepts your kill.
You kill the jumping spider!
Makhleb accepts your kill.
You feel better.
The spark wasp bursts into living lightning!
The living lightning hits you!
The spark wasp blinks!
The entropy weaver hits you but does no damage. x2
You block the entropy weaver's attack. The entropy weaver barely misses you.
The wolf spider hits you! The wolf spider bites you.
You regained 4 hp, and now have 76/114 hp.
You hit the entropy weaver.
The entropy weaver looks as sick as possible!
The entropy weaver is moderately wounded.
You hit the wolf spider.
The wolf spider is poisoned.
The wolf spider barely misses you. You block the wolf spider's attack.
The entropy weaver mumbles some strange words.
The entropic weave corrodes you! The spark wasp stings you!!
The spark wasp shocks you! The wolf spider hits you!
You block the wolf spider's attack.
You take 32 damage, and have 44/114 hp.
MASSIVE DAMAGE!!
You hit the entropy weaver.
The entropy weaver looks as sick as possible!
The entropy weaver is moderately wounded.
You slash the wolf spider!
The wolf spider looks as sick as possible!
You hit the spark wasp.
The spark wasp is poisoned.
The entropy weaver hits you! The entropy weaver barely misses you.
The entropy weaver hits you.
The entropy weaver hits you but does no damage.
The spark wasp stings you!
* * * LOW HITPOINT WARNING * * *
The spark wasp shocks you!
* * * LOW HITPOINT WARNING * * *
The wolf spider hits you but does no damage.
The wolf spider bites you but does no damage.
You take 25 damage, and have 19/114 hp.
MASSIVE DAMAGE!!
You are too injured to fight recklessly!
You are too injured to fight recklessly!
Unknown command.
Okay, then.
You feel much better.
The spark wasp stings you but does no damage.
The entropy weaver mumbles some strange words.
The wolf spider barely misses you. x2; You block the spark wasp's attack.
You regained 18 hp, and now have 37/114 hp.
You feel much better. The wolf spider hits you.
The wolf spider bites you but does no damage.
The entropy weaver gestures wildly while chanting.
The entropic weave corrodes you! You block the spark wasp's attack.
The wolf spider hits you! You block the wolf spider's attack.
The entropy weaver hits you but does no damage.
The entropy weaver hits you. x2
The entropy weaver hits you but does no damage.
You regained 5 hp, and now have 42/114 hp.
Unknown command.
You slash the spark wasp!
The spark wasp looks as sick as possible!
The spark wasp is heavily wounded.
You hit the entropy weaver but do no damage.
The entropy weaver looks as sick as possible!
You hit the wolf spider.
The wolf spider looks as sick as possible!
The spark wasp stings you! The spark wasp shocks you!
* * * LOW HITPOINT WARNING * * *
The wolf spider hits you!
* * * LOW HITPOINT WARNING * * *
You block the wolf spider's attack.
You block the entropy weaver's attack. x2
The entropy weaver hits you but does no damage.
The entropy weaver hits you.
* * * LOW HITPOINT WARNING * * *
The spark wasp stings you but does no damage.
You take 35 damage, and have 7/114 hp.
MASSIVE DAMAGE!!
Unknown command.
Your magical essence is drained by the effort!
You feel much better. The wolf spider hits you!
* * * LOW HITPOINT WARNING * * *
The wolf spider bites you but does no damage.
The entropy weaver barely misses you. You block the entropy weaver's attack.
The entropy weaver hits you but does no damage.
The entropy weaver hits you. The spark wasp stings you!
You die...

* , ##+# #####
###* #8.8##8..#
8.8# 8
#...##...##...#
, * ,
#.^............
, ,
#.8....8....8..
8 ,
#.........s....
, ,
#.8....8a...8..
, ,
#.....y@†......
#...##..s##..^#
, #8†8##8[.# ,
#* #*
#####'#######**
** * *
.###*#.##...#
... #.....## #
#.###..###
.####.##...#
.#.........#


You could see an entropy weaver, a spark wasp, a wolf spider and an orb spider.

Vanquished Creatures
  An emperor scorpion (Spider:1)
  Erica (Lair:1)
  A two-headed ogre (D:9)
  The ghost of amentoraz the Thaumaturge, a journeyman GrEE of Vehumet (Lair:1)
  The ghost of flestrin the Destroyer, a journeyman DECj of Vehumet (Lair:2)
  Pikel (D:8)
  4 orb spiders (Spider:1)
  9 wolf spiders (Spider:1)
  4 spiny frogs
  A torpor snail (Spider:1)
  A demonic crawler (Spider:1)
  12 jumping spiders (Spider:1)
  A hornet (Spider:1)
  Grinder (D:4)
  2 hippogriffs
  10 yaks
  16 redbacks (Spider:1)
  6 tarantellas (Spider:1)
  A hungry ghost (D:9)
  Menkaure (D:7)
  2 water moccasins (Lair:2)
  4 porcupines
  2 orc warriors
  3 slaves (D:8)
  2 phantoms (D:8)
  2 ogres
  3 centaurs
  6 crocodiles
  3 big kobolds
  4 bullfrogs
  A wyvern skeleton (D:7)
  2 scorpions
  A water moccasin skeleton (D:6)
  A howler monkey (D:4)
  4 crimson imps
  A bullfrog zombie (D:6)
  A centaur zombie (D:8)
  4 hounds
  5 orc priests
  7 orc wizards
  A bullfrog skeleton (D:6)
  3 iguanas
  4 worker ants
  Robin (D:4)
  4 gnolls (D:5)
  2 river rats
  8 adders
  2 shadow imps
  An ooze (D:1)
  An adder zombie (D:5)
  An adder skeleton (D:9)
  2 leopard geckos
  31 orcs
  4 bats
  2 giant cockroaches (D:2)
  14 goblins
  7 hobgoblins
  15 jackals
  2 quokkas
  2 ball pythons
  2 frilled lizards
  A jackal zombie (D:5)
  16 kobolds
  A leopard gecko zombie (D:8)
  A quokka zombie (D:5)
  9 rats
  A fungus (Lair:2)
271 creatures vanquished.

Notes
Turn   | Place    | Note
-------+----------+-------------------------------------------
     0 | D:1      | Monsterracer the Deep Dwarf Fighter began the quest for the Orb.
     0 | D:1      | Reached XP level 1. HP: 20/20 MP: 1/1
   114 | D:1      | Reached XP level 2. HP: 21/27 MP: 2/2
   310 | D:2      | Reached skill level 3 in Axes
   310 | D:2      | Reached XP level 3. HP: 22/33 MP: 3/3
   613 | D:2      | Reached XP level 4. HP: 23/42 MP: 4/4
   915 | D:3      | Found a glowing drain.
   969 | D:3      | Reached XP level 5. HP: 25/49 MP: 5/5
  1004 | Sewer    | Entered a sewer
  1006 | Sewer    | Reached skill level 4 in Axes
  1105 | Sewer    | Found a white marble altar of Elyvilon.
  1287 | D:4      | Reached XP level 6. HP: 43/57 MP: 6/6
  1301 | D:4      | Noticed Robin
  1322 | D:4      | Killed Robin
  1471 | D:4      | Reached skill level 5 in Axes
  1487 | D:4      | Noticed Grinder
  1498 | D:4      | Paralysed by Grinder for 5 turns
  1509 | D:4      | Killed Grinder
  1509 | D:4      | Reached XP level 7. HP: 41/64 MP: 7/7
  1545 | D:4      | Found a staircase to the Ecumenical Temple.
  1574 | Temple   | Entered the Ecumenical Temple
  1693 | Temple   | Became a worshipper of Makhleb the Destroyer
  1756 | D:5      | Entered Level 5 of the Dungeon
  1771 | D:5      | Found a shimmering altar of Xom.
  1777 | D:5      | Reached skill level 5 in Armour
  1786 | D:5      | Reached skill level 5 in Shields
  1786 | D:5      | Reached skill level 1 in Invocations
  1927 | D:5      | Reached skill level 6 in Axes
  2218 | D:6      | Reached XP level 8. HP: 29/73 MP: 9/9
  2343 | D:7      | Noticed Menkaure
  2354 | D:7      | HP: 3/73 [Menkaure (14)]
  2356 | D:7      | Killed Menkaure
  2356 | D:7      | Reached skill level 7 in Axes
  2485 | D:7      | Reached * piety under Makhleb
  2840 | D:8      | Reached skill level 5 in Fighting
  3034 | D:8      | Noticed a hippogriff
  3048 | D:8      | Killed a hippogriff
  3048 | D:8      | Reached skill level 8 in Axes
  3048 | D:8      | Gained mutation: You passively map the area around you. [Deep Dwarf growth]
  3048 | D:8      | Reached XP level 9. HP: 62/81 MP: 10/10
  3053 | D:8      | Identified a scroll of acquirement
  3054 | D:8      | Got a polished broad axe
  3055 | D:8      | Identified the +10 broad axe of Charity {venom, rN+ Str-3 Int+2} (You acquired it on level 8 of the Dungeon)
  3073 | D:8      | Noticed Pikel
  3081 | D:8      | Killed Pikel
  3081 | D:8      | Reached skill level 5 in Invocations
  3178 | D:8      | Reached skill level 9 in Axes
  3262 | D:8      | Reached ** piety under Makhleb
  3329 | D:8      | Found a snail-covered altar of Cheibriados.
  3331 | D:8      | Found a radiant altar of Vehumet.
  3335 | D:8      | Found a glowing golden altar of the Shining One.
  3337 | D:8      | Found a basalt altar of Yredelemnul.
  3338 | D:8      | Found an ornate altar of the Wu Jian Council.
  3339 | D:8      | Found a shattered altar of Ashenzari.
  3777 | D:9      | Got a bound platinum ring
  3881 | D:9      | Reached XP level 10. HP: 92/92 MP: 9/11
  3882 | D:9      | Reached skill level 10 in Axes
  3893 | D:9      | Found a staircase to the Lair.
  3903 | D:9      | Got a pair of brightly glowing gloves
  3909 | D:9      | Identified the +2 pair of gloves of Weirdness {rN++ Str+4 Dex+3} (You found it on level 9 of the Dungeon)
  3936 | D:9      | Reached *** piety under Makhleb
  4024 | D:9      | Noticed a two-headed ogre
  4033 | D:9      | Killed a two-headed ogre
  4085 | Lair:1   | Entered Level 1 of the Lair of Beasts
  4088 | Lair:1   | Noticed Erica
  4096 | Lair:1   | Killed Erica
  4096 | Lair:1   | Reached skill level 11 in Axes
  4112 | Lair:1   | Identified the ring of Xohas {rCorr rPois Str+4} (You found it on level 9 of the Dungeon)
  4193 | Lair:1   | Noticed amentoraz's ghost (journeyman GrEE)
  4194 | Lair:1   | Noticed a spiny frog
  4202 | Lair:1   | Killed a spiny frog
  4210 | Lair:1   | Killed amentoraz's ghost
  4210 | Lair:1   | Reached XP level 11. HP: 82/100 MP: 13/13
  4356 | Lair:2   | Noticed flestrin's ghost (journeyman DECj)
  4366 | Lair:2   | Killed flestrin's ghost
  4366 | Lair:2   | Reached skill level 12 in Axes
  4516 | Lair:2   | Found a dark tunnel.
  4552 | Lair:2   | Found a hole to the Spider Nest.
  4767 | Spider:1 | Entered Level 1 of the Spider Nest
  4767 | Spider:1 | Noticed a wolf spider
  4769 | Spider:1 | Noticed a wolf spider
  4772 | Spider:1 | Killed a wolf spider
  4777 | Spider:1 | Killed a wolf spider
  4790 | Spider:1 | Noticed an orb spider
  4791 | Spider:1 | Noticed a wolf spider
  4796 | Spider:1 | Killed a wolf spider
  4809 | Spider:1 | Killed an orb spider
  4833 | Spider:1 | Noticed a wolf spider
  4834 | Spider:1 | Noticed a wolf spider
  4840 | Spider:1 | Killed a wolf spider
  4841 | Spider:1 | Killed a wolf spider
  4844 | Spider:1 | Reached **** piety under Makhleb
  4844 | Spider:1 | Reached skill level 10 in Invocations
  4858 | Spider:1 | Reached skill level 13 in Axes
  4865 | Spider:1 | Reached skill level 10 in Armour
  4930 | Spider:1 | Noticed an orb spider
  4946 | Spider:1 | Reached XP level 12. HP: 112/112 MP: 15/15
  5043 | Spider:1 | Noticed an emperor scorpion
  5051 | Spider:1 | Reached skill level 14 in Axes
  5078 | Spider:1 | Killed an emperor scorpion
  5078 | Spider:1 | Reached ***** piety under Makhleb
  5084 | Spider:1 | Noticed an entropy weaver
  5090 | Spider:1 | Noticed a spark wasp
  5097 | Spider:1 | Slain by a spark wasp

Skill      XL: |  1  2  3  4  5  6  7  8  9 10 11 12 |
---------------+-------------------------------------+-----
Axes           | 3 4 5 6 8 9 11 13 14 | 14.3
Fighting       | 3 4 5 6 7 8 9 |  9.3
Armour         | 4 5 6 7 8 10 | 10.9
Shields        | 4 5 6 |  6.2
Invocations    | 2 4 6 8 10 11 | 11.4

Action                   |  1- 3 |  4- 6 |  7- 9 | 10-12 || total
-------------------------+-------+-------+-------+-------++-------
Melee: War axe           |    62 |   187 |   222 |       ||   471
       Hand axe          |       |    19 |       |       ||    19
       Battleaxe         |       |       |    20 |       ||    20
       Broad axe         |       |       |    86 |   225 ||   311
 Abil: Heal Wounds       |       |     4 |    12 |     3 ||    19
  Use: Scroll            |       |     5 |     7 |     5 ||    17
       Potion            |       |       |     1 |       ||     1
  Eat: Chunk             |       |     2 |     7 |     2 ||    11
       Ration            |       |     2 |       |     2 ||     4
Armor: Scale mail        |    38 |       |       |       ||    38
       Ring mail         |       |    82 |       |       ||    82
       Chain mail        |       |    24 |   179 |       ||   203
       Plate armour      |       |       |    41 |   199 ||   240
Dodge: Dodged            |    24 |    60 |    79 |    68 ||   231
Block: Shield            |    35 |   121 |   153 |   155 ||   464

Vault maps used:
D:1:      dpeg_arrival_morbid_curiosity
D:3:      gup_sewer_entry_bubbles, first_ration, kennysheep_generic_room_3
D:4:      cheibrodos_pilgrimage, temple_fountains, nicolae_ossuary_entry_plus,
          goddamned_bats, uniq_robin, uniq_eustachio, uniq_grinder, uniq_sigmund
D:5:      tgw_sif, basic_altar
D:7:      uniq_menkaure
D:8:      minitemple, uniq_pikel
D:9:      minmay_lair_entry_grove
Temple:   regret_index_temple_waves
Lair:1:   grunt_forest_stairs_basic, serial_bayou_shore_b, uniq_erica
Lair:2:   spider_nest_entry_web_field, lightli_volcano_entry_magma_tube
Spider:1: nicolae_spider_hall_of_the_moth_king
Sewer:    sewer_kobolds
